 Dungeon Crawl Stone Soup version 0.25-a0-942-g87a53962fc (webtiles) character file.

Game seed: 14882944958000145465, levelgen mode: deterministic

7564 Flugslaktarn the Cleaver (level 10, -6/92 HPs)
             Began as a Minotaur Fighter on May 7, 2020.
             Was an Initiate of Gozag.
             Mangled by a molten gargoyle
             ... wielding a +0 dire flail
              (7 damage)
             ... while petrified by you
             ... in a Gauntlet.
             The game lasted 00:05:48 (8282 turns).

Flugslaktarn the Cleaver (Minotaur Fighter)         Turns: 8282, Time: 00:05:49

Health: -6/92      AC: 18    Str: 22    XL:     10   Next: 96%
Magic:  9/9        EV:  2    Int:  5    God:    Gozag
Gold:   962        SH:  0    Dex: 12    Spells: 9/9 levels left

rFire    . . .     SeeInvis .   a - +1 war axe
rCold    . . .     Gourm    .   u - +1 kite shield
rNeg     + + +     Faith    .   b - +0 scale mail
rPois    ∞         Spirit   .   j - +2 hat
rElec    .         Reflect  .   s - +2 cloak
rCorr    .         Harm     +   B - +2 pair of gloves
MR       .....     Clarity  +   (no boots) Stlth ..........NoTele +
                                f - amulet of harm
HPRegen  0.65/turn              (no ring)
MPRegen  0.11/turn              v - +1 ring of evasion

@: petrified
A: retaliatory headbutt, horns 2, clarity, regeneration 1, shaggy fur 1
a: Potion Petition, Call Merchant, Bribe Branch, Renounce Religion


You were in a Gauntlet.
You worshipped Gozag.
Gozag was pleased with you.
You were not hungry.

You visited 3 branches of the dungeon, and saw 11 of its levels.
You also visited: Gauntlet.

You collected 1099 gold pieces.
You spent 49 gold pieces at shops.
You paid 88 gold pieces to Gozag.

Inventory:

Hand Weapons
 a - a +1 war axe (weapon)
Missiles
 h - 6 throwing nets (quivered)
Armour
 b - a +0 scale mail (worn)
 j - a +2 hat (worn)
   (You found it on level 2 of the Dungeon)
 s - a +2 cloak (worn)
   (You found it on level 4 of the Dungeon)
 u - a +1 kite shield (worn)
 B - a +2 pair of gloves (worn)
   (You found it on level 5 of the Dungeon)
Jewellery
 c - an uncursed ring of protection from cold
   (You took it off an orc wizard on level 4 of the Dungeon)
 f - an amulet of harm (around neck)
   (You found it on level 4 of the Dungeon)
 v - a +1 ring of evasion (right hand)
   (You found it on level 6 of the Dungeon)
 E - a cursed ring of attention {unknown}
   (You found it on level 7 of the Dungeon)
 F - an uncursed ring of magical power {unknown}
   (You found it on level 8 of the Dungeon)
 G - a cursed ring of teleportation {unknown}
   (You found it on level 8 of the Dungeon)
Wands
 o - a wand of clouds (3)
   (You found it on level 4 of the Dungeon)
 y - a wand of digging (4)
   (You found it on level 4 of the Dungeon)
 C - a wand of enslavement (12)
   (You found it on level 9 of the Dungeon)
Scrolls
 g - a scroll of enchant weapon
 i - a scroll of enchant armour
 l - 2 scrolls of fear
 r - a scroll of fog
 t - 4 scrolls of teleportation
 x - a scroll of immolation
 z - a scroll of blinking
 D - a scroll of magic mapping
Potions
 d - a potion of might
 k - 2 potions of ambrosia
 m - a potion of flight
 n - 2 potions of mutation
 p - a potion of cancellation
 q - a potion of curing
 w - 2 potions of heal wounds
 A - a potion of magic
 H - a potion of haste {unknown}
Comestibles
 e - 15 rations


   Skills:
 + Level 9.7 Fighting
 * Level 12.6 Axes
 + Level 9.8 Armour
 + Level 9.8 Shields


You had 9 spell levels left.
You didn't know any spells.
Your spell library was empty.

Dungeon Overview and Level Annotations

Branches:
Dungeon (9/15)             Temple (1/1) D:5            Lair (1/6) D:9
Gauntlet (1/1)
    Orc: D:9-12

Altars:
Ashenzari
Cheibriados
Dithmenos
Elyvilon
Fedhas
Gozag
Hepliaklqana
Kikubaaqudgha
Makhleb
Nemelex Xobeh
Okawaru
Qazlal
Ru
Sif Muna
Trog
Uskayaw
Vehumet
Wu Jian
Xom
Yredelemnul
Zin
The Shining One

Shops:
D:6 ?

Annotations:
Gauntlet 11 transporters, 21 runed translucent doors


Innate Abilities, Weirdness & Mutations

You reflexively headbutt those who attack you in melee.
You have a pair of horns on your head.
You possess an exceptional clarity of mind.
Your natural rate of healing is unusually fast.
You are covered in fur. (AC +1)


Message History

The molten gargoyle hits you with a +0 dire flail!
You are engulfed in flames!
The gargoyle hits the plant with a +0 mace!
The catoblepas gores you!
The gargoyle hurls a stone arrow at you.
The stone arrow hits you!
* * * LOW HITPOINT WARNING * * *
The molten gargoyle blasts magma at you!
The bolt of magma hits you!!
* * * LOW HITPOINT WARNING * * *
The catoblepas gores you!
* * * LOW HITPOINT WARNING * * *
The gargoyle hits the plant with a +0 mace.
The gargoyle hits you with a +0 mace.
* * * LOW HITPOINT WARNING * * *
The molten gargoyle hits you with a +0 dire flail.
* * * LOW HITPOINT WARNING * * *
You are engulfed in flames!
You die...
Your body crumbles into a pile of gold.

###..###########...#######
#.....#.©.#....≈........
###...8.#...#...≈8§.......
#8#.....#.©.#....≈§.......
###..###########...#######
#..#9.!:©(=..#...#554.©$
###..#^.P.....^#...#..#...
#8#..#.^#..P#..#...#.#####
###..#.PP@^PP..#...##..#.#
#..#.99Y9....#...#5...©.
###..#..PP.PP^.#...##..#.#
#8#..#..#.PP#..#...#.##...
###..#..P..P..^#.∩.#4.#...
#..#.........#...#...#.#
###..###########...#######
#8#.......©.............©.
###§§...........≈∩≈.......


You could see a catoblepas, a molten gargoyle and 2 gargoyles.

Vanquished Creatures
  A two-headed ogre (D:8)
  Pikel (D:5)
  Maurice (D:8)
  Joseph (D:8)
  2 komodo dragons
  2 hippogriffs
  A water moccasin (D:7)
  3 ice beasts
  2 orc warriors
  3 black bears (D:7)
  2 sky beasts (D:5)
  3 slaves (D:5)
  2 ogres
  2 phantoms
  5 centaurs
  A big kobold (D:8)
  7 bullfrogs
  2 gnoll sergeants (D:6)
  5 scorpions
  3 killer bees (D:8)
  12 wights
  2 howler monkeys
  2 bullfrog zombies
  2 crimson imps (D:8)
  A bullfrog skeleton (D:5)
  7 hounds
  5 orc priests
  4 orc wizards
  3 centaur skeletons
  A jelly (D:7)
  6 iguanas
  12 worker ants
  A hound skeleton (D:6)
  2 hound zombies
  A howler monkey skeleton (D:4)
  9 gnolls (D:6)
  10 adders
  An ooze (D:1)
  2 adder skeletons
  2 adder zombies
  A worm (D:3)
  2 dart slugs
  5 leopard geckos
  29 orcs
  2 ball pythons (D:3)
  13 bats
  13 giant cockroaches
  5 goblins
  8 hobgoblins
  10 jackals
  8 kobolds
  5 quokkas
  7 frilled lizards
  A jackal skeleton (D:6)
  5 rats
  A fungus (D:9)
  A plant (D:8)
250 creatures vanquished.

Vanquished Creatures (others)
  4 fungi (Gauntlet)
  7 plants
11 creatures vanquished.

Grand Total: 261 creatures vanquished

Notes
Turn   | Place    | Note
-------+----------+-------------------------------------------
     0 | D:1      | Flugslaktarn the Minotaur Fighter began the quest for the
                  | Orb.
     0 | D:1      | Reached XP level 1. HP: 19/19 MP: 0/0
    94 | D:1      | Reached XP level 2. HP: 27/27 MP: 1/1
   365 | D:1      | Reached skill level 3 in Axes
   804 | D:2      | Reached XP level 3. HP: 27/33 MP: 2/2
  1476 | D:2      | Reached XP level 4. HP: 40/40 MP: 3/3
  1821 | D:3      | Reached skill level 4 in Axes
  2112 | D:3      | Found an iron altar of Okawaru.
  2761 | D:3      | Reached XP level 5. HP: 47/47 MP: 4/4
  2986 | D:4      | Reached skill level 5 in Axes
  3055 | D:4      | Reached XP level 6. HP: 55/55 MP: 5/5
  3071 | D:4      | Reached skill level 5 in Armour
  3071 | D:4      | Reached skill level 5 in Shields
  3161 | D:4      | Reached skill level 5 in Fighting
  3353 | D:4      | Gained mutation: You are covered in fur. (AC +1) [potion of
                  | mutation]
  3353 | D:4      | Gained mutation: Your natural rate of healing is unusually
                  | fast. [potion of mutation]
  3353 | D:4      | Gained mutation: You possess an exceptional clarity of
                  | mind. [potion of mutation]
  3458 | D:5      | Entered Level 5 of the Dungeon
  3485 | D:5      | Noticed an ice beast
  3493 | D:5      | Killed an ice beast
  3493 | D:5      | Reached skill level 6 in Axes
  3493 | D:5      | Reached XP level 7. HP: 48/61 MP: 6/6
  3647 | D:5      | Reached skill level 7 in Axes
  3765 | D:5      | Reached XP level 8. HP: 68/70 MP: 7/7
  3895 | D:5      | Found a radiant altar of Vehumet.
  3896 | D:5      | Found a shadowy altar of Dithmenos.
  3896 | D:5      | Found a basalt altar of Yredelemnul.
  4031 | D:5      | Found a staircase to the Ecumenical Temple.
  4103 | D:5      | You fall into a shaft and drop 3 floors!
  4138 | D:7      | Noticed a hippogriff
  4148 | D:7      | Reached skill level 8 in Axes
  4152 | D:7      | Killed a hippogriff
  4161 | D:7      | Reached skill level 9 in Axes
  4171 | D:7      | Reached XP level 9. HP: 63/79 MP: 8/8
  4370 | D:6      | Found an ancient bone altar of Kikubaaqudgha.
  4370 | D:6      | Found an ornate altar of the Wu Jian Council.
  4458 | Temple   | Entered the Ecumenical Temple
  4650 | Temple   | Became a worshipper of Gozag Ym Sagoz the Greedy
  4729 | D:5      | Reached skill level 10 in Axes
  4980 | D:5      | Noticed Pikel
  4992 | D:5      | Killed Pikel
  5424 | D:6      | Found a blossoming altar of Fedhas.
  5440 | D:6      | Found Usolueb's Magic Scroll Boutique.
  5453 | D:6      | Bought a scroll of magic mapping for 49 gold pieces
  5969 | D:7      | Reached skill level 11 in Axes
  5993 | D:7      | Found a bloodstained altar of Trog.
  6001 | D:7      | Reached XP level 10. HP: 57/90 MP: 9/9
  6395 | D:8      | Noticed Joseph
  6405 | D:8      | Killed Joseph
  6727 | D:8      | Noticed Maurice
  6744 | D:8      | Killed Maurice
  6760 | D:8      | Noticed a two-headed ogre
  6769 | D:8      | Killed a two-headed ogre
  6937 | D:8      | Reached skill level 12 in Axes
  7047 | D:9      | Found a staircase to the Lair.
  7412 | D:9      | Found a shimmering altar of Xom.
  7769 | D:9      | Found the +7 Singing Sword {vorpal, sonic wave}
  8034 | Lair:1   | Entered Level 1 of the Lair of Beasts
  8074 | Lair:1   | Found a gate leading to a gauntlet.
  8083 | Gauntlet | Entered a Gauntlet
  8083 | Gauntlet | Found a transporter.
  8083 | Gauntlet | Found a transporter.
  8083 | Gauntlet | Noticed a catoblepas
  8083 | Gauntlet | Noticed a gargoyle
  8084 | Gauntlet | Found a transporter.
  8084 | Gauntlet | Noticed a molten gargoyle
  8087 | Gauntlet | Found a transporter.
  8087 | Gauntlet | Found a transporter.
  8098 | Gauntlet | Found a transporter.
  8102 | Gauntlet | Found a large runed translucent door.
  8102 | Gauntlet | Found a large runed translucent door.
  8103 | Gauntlet | Found a large runed translucent door.
  8103 | Gauntlet | Found a large runed translucent door.
  8104 | Gauntlet | Found a large runed translucent door.
  8104 | Gauntlet | Found a large runed translucent door.
  8104 | Gauntlet | Found a large runed translucent door.
  8104 | Gauntlet | Found a large runed translucent door.
  8105 | Gauntlet | Found a runed translucent door.
  8105 | Gauntlet | Found a runed translucent gate.
  8117 | Gauntlet | Noticed a death scarab
  8118 | Gauntlet | Noticed a fire crab
  8119 | Gauntlet | Found a transporter.
  8141 | Gauntlet | Found a transporter.
  8141 | Gauntlet | Found a runed translucent gate.
  8142 | Gauntlet | Found a runed translucent gate.
  8143 | Gauntlet | Found a large runed translucent door.
  8144 | Gauntlet | Found a large runed translucent door.
  8145 | Gauntlet | Found a large runed translucent door.
  8152 | Gauntlet | Found a large runed translucent door.
  8154 | Gauntlet | Found a large runed translucent door.
  8154 | Gauntlet | Found a large runed translucent door.
  8154 | Gauntlet | Found a runed translucent door.
  8155 | Gauntlet | Found a large runed translucent door.
  8156 | Gauntlet | Found a large runed translucent door.
  8158 | Gauntlet | Found a transporter.
  8166 | Gauntlet | Found a transporter.
  8166 | Gauntlet | Noticed a worldbinder
  8184 | Gauntlet | Found a transporter.
  8207 | Gauntlet | Noticed a gargoyle
  8235 | Gauntlet | Noticed a death scarab
  8236 | Gauntlet | Found a transporter.
  8282 | Gauntlet | HP: 3/92 [gargoyle/+0 mace (3)]
  8282 | Gauntlet | HP: 1/92 [molten gargoyle/+0 dire flail (2)]
  8282 | Gauntlet | Mangled by a molten gargoyle

Levels and vault maps discovered:
D:1:      minmay_arrival_nine_rooms, layout_loops_ring
D:2:      layout_basic, serial_rivers, chequers_serial_rivers_small_3,
          chequers_serial_rivers_micro_d, chequers_serial_rivers_small_a,
          chequers_serial_rivers_large_b
D:3:      layout_loops_cross, overflow_temple_1_default, first_ration,
          minmay_fractal_squares_5
D:4:      layout_basic
D:5:      layout_basic, grunt_temple_overflow_open,
          minmay_temple_entry_mini_moons, minivault_5, uniq_pikel
D:6:      layout_basic, lemuel_crystal_altar, minitemple, serial_shops,
          kennysheep_mini_moat
D:7:      layout_basic, trog_ov_bears_minmay
D:8:      layout_basic, chequers_serial_rivers_marsh, blue_anna_alchemist
          [blue_anna_fruit_fields, blue_anna_fruit_fields], uniq_maurice,
          uniq_joseph
D:9:      old_forge, layout_irregular_city, xom_teletrap_fun,
          david_lair_shrubbed, kennysheep_generic_room_13
Temple:   dpeg_chambers_temple
Lair:1:   layout_big_grid, gauntlet_entry_generic, st_stairs_8,
          beast_lair_carwin_6
Gauntlet: gammafunk_gauntlet_shortcut [gammafunk_gauntlet_arena_hedges,
          nicolae_gauntlet_arena_flowing_pool,
          gammafunk_gauntlet_arena_chambers, nicolae_gauntlet_arena_quarters,
          minmay_gauntlet_arena_make_your_own_arena, nicolae_gauntlet_arena_x,
          gauntlet_exit_spiral]

Skill      XL: |  1  2  3  4  5  6  7  8  9 10 |
---------------+-------------------------------+-----
Axes           | 3 4 5 6 7 9 11 12 | 12.6
Shields        | 4 5 6 7 8 9 |  9.8
Fighting       | 4 5 6 7 8 9 |  9.7
Armour         | 4 5 6 7 8 9 |  9.8

Action                   |  1- 3 |  4- 6 |  7- 9 | 10-12 || total
-------------------------+-------+-------+-------+-------++-------
Melee: War axe           |    88 |   149 |   241 |   161 ||   639
       Headbutt          |    10 |    28 |    41 |    37 ||   116
Evoke: Wand              |       |       |       |     1 ||     1
  Use: Scroll            |       |    14 |     5 |     6 ||    25
       Potion            |       |     1 |     2 |     1 ||     4
 Stab: Distracted        |       |       |       |     2 ||     2
  Eat: Chunk             |     1 |     8 |     3 |       ||    12
       Ration            |       |       |     2 |     2 ||     4
Armor: Scale mail        |    46 |    62 |   101 |    54 ||   263
Dodge: Dodged            |    41 |    41 |    78 |    44 ||   204
Block: Kite shield       |    59 |    99 |   159 |    83 ||   400

Table legend:
 A = Non-vault XP
 B = Vault XP
 C = Vault XP percentage of total XP
 D = Non-vault monster count
 E = Vault monster count
 F = Vault count percentage of total count
                 A         B        C        D         E       F
            +---------+---------+-------+---------+---------+-------
      Total |    8133 |    2673 |  24.7 |     222 |      23 |   9.4
            +---------+---------+-------+---------+---------+-------
        D:1 |      35 |       0 |   0.0 |      16 |       0 |   0.0
        D:2 |      74 |       0 |   0.0 |      22 |       0 |   0.0
        D:3 |      78 |      10 |  11.4 |      31 |       4 |  11.4
        D:4 |     407 |       0 |   0.0 |      19 |       0 |   0.0
        D:5 |    1249 |     651 |  34.3 |      29 |       1 |   3.3
        D:6 |    1409 |       0 |   0.0 |      38 |       0 |   0.0
        D:7 |    1579 |     250 |  13.7 |      25 |       2 |   7.4
        D:8 |    1652 |    1066 |  39.2 |      20 |       3 |  13.0
        D:9 |    1177 |     696 |  37.2 |      20 |      13 |  39.4
     Lair:1 |     473 |       0 |   0.0 |       2 |       0 |   0.0
            +---------+---------+-------+---------+---------+-------
